 Dungeon Crawl Stone Soup version 0.23.2-1-ga50397a (webtiles) character file.

Game seed: 12754844115681183566

3457 Monsterracer the Jinx (level 10, -7/73 HPs)
             Began as a Formicid Enchanter on May 24, 2019.
             Was a Believer of Vehumet.
             Mangled by an orc warrior (18 damage)
             ... on level 9 of the Dungeon.
             The game lasted 00:25:00 (10446 turns).

Monsterracer the Jinx (Formicid Enchanter)         Turns: 10446, Time: 00:25:01

Health: -7/73      AC:  7    Str: 13    XL:     10   Next: 26%
Magic:  9/18       EV: 11    Int: 22    God:    Vehumet [**....]
Gold:   325        SH:  0    Dex:  7    Spells: 5/19 levels left

rFire    + . .     SeeInvis +   a - +1 dagger
rCold    . . .     Gourm    .   (no shield)
rNeg     . . .     Faith    .   n - +1 leather armour "Farphol" {+Fly rF+ Int+4 Dex-4}
rPois    +         Spirit   .   (helmet unavailable)
rElec    .         Reflect  .   (no cloak)
rCorr    .         Harm     .   (no gloves)
MR       +....                  (no boots)
Stlth    +++.......             (no amulet)
HPRegen  0.22/turn              P - ring of poison resistance
MPRegen  0.16/turn              o - +1 ring of protection

@: studying Throwing
A: permanent stasis, dig shafts and tunnels, four strong arms, antennae 3,
iridescent scales 1, wild magic 1
a: Dig, Shaft Self, Renounce Religion, Evoke Flight


You were on level 9 of the Dungeon.
You worshipped Vehumet.
Vehumet was pleased with you.
You were hungry.

You visited 2 branches of the dungeon, and saw 10 of its levels.

You collected 463 gold pieces.
You spent 138 gold pieces at shops.


Innate Abilities, Weirdness & Mutations

You cannot be hasted, slowed, berserked, paralysed or teleported.
You can dig through walls and to a lower floor.
Your four strong arms can wield two-handed weapons with a shield.
You have a pair of large antennae on your head. (SInv)
You are partially covered in iridescent scales. (AC +2)
Your spells are a little harder to cast, but a little more powerful.


   Skills:
 + Level 4.6 Fighting
 - Level 4.2 Short Blades
 - Level 1.7 Dodging
 + Level 6.8 Stealth
 + Level 5.3 Spellcasting
 * Level 6.0 Conjurations
 + Level 8.4 Hexes
 + Level 2.5 Fire Magic
 - Level 4.2 Ice Magic


You had 5 spell levels left.
You knew the following spells:

 Your Spells              Type           Power        Failure   Level  Hunger
a - Freeze                Ice            ####         4%          1    None
b - Throw Flame           Conj/Fire      ####..       5%          2    None
c - Confuse               Hex            ######..     2%          3    ##.....
d - Tukima's Dance        Hex            ######..     2%          3    ##.....
f - Dazzling Spray        Conj/Hex       #####.       3%          3    ##.....
g - Ensorcelled Hibernat  Hex/Ice        #####.       2%          2    None

Your spell library contained the following spells:

 Spells                   Type           Power        Failure   Level  Hunger
 Corona                   Hex            ######.      1%          1    None

Inventory:

Hand Weapons
 a - a +1 dagger (weapon)
 b - a +1 long sword of venom
   (You took it off a wight on level 8 of the Dungeon)
 s - a +2 hand axe of flaming
   (You found it on level 1 of the Dungeon)
Armour
 h - a +1 pair of gloves
   (You bought it in a shop on level 9 of the Dungeon)
 n - the +1 leather armour "Farphol" (worn) {+Fly rF+ Int+4 Dex-4}
   (You found it on level 5 of the Dungeon)

   It affects your intelligence (+4).
   It affects your dexterity (-4).
   It protects you from fire.
   It lets you fly.
Jewellery
 i - an uncursed ring of flight
   (You found it on level 3 of the Dungeon)
 k - an uncursed ring of fire
   (You found it on level 5 of the Dungeon)
 o - a +1 ring of protection (right hand)
   (You found it on level 3 of the Dungeon)
 t - a +3 ring of dexterity
   (You found it on level 4 of the Dungeon)
 P - a ring of poison resistance (left hand)
   (You found it on level 6 of the Dungeon)
Wands
 d - a wand of flame (28)
   (You found it on level 8 of the Dungeon)
Scrolls
 f - 2 scrolls of identify
 j - 2 scrolls of noise
 l - a scroll of enchant armour
 p - 3 scrolls of enchant weapon
 r - 2 scrolls of remove curse
 v - a scroll of immolation {!r}
Potions
 e - a potion of mutation {!q}
 g - a potion of agility
 q - 5 potions of lignification
 z - 3 potions of brilliance
Books
 u - a manual of Throwing
   (You found it on level 6 of the Dungeon)
Comestibles
 c - 11 rations

Dungeon Overview and Level Annotations

Branches:
Dungeon (9/15)             Temple (1/1) D:4
   Lair: D:8-11         Orc: D:9-12

Altars:
Ashenzari
Cheibriados
Dithmenos
Fedhas
Gozag
Hepliaklqana
Makhleb
Nemelex Xobeh
Okawaru
Ru
Sif Muna
Trog
Uskayaw
Vehumet
Wu Jian
Xom
Yredelemnul
Zin
The Shining One

Shops:
D:9 [

Annotations:
D:9 exclusion: 2 doors

#...........#+###########....
#...........#.....##....#.o.#
#...........#.....##....#...#
#...........#.....##....o...#
#.>.........#.....##....#...#
#####...........#.....##...o#...#
....#...........#.....##....#...#
....+...........###...####..#....
....#...........@o.o.o####..###..
....#....#########(...........#..
..(.#.##.# .. #............+..
....#.##.##.. #P...........#..
....#...P.... ...............#..
....#...P.... ................#..
....#.......# #...............#..
....#.......P ...P............#{
....#....PP.P ..P....._.......#


You could see an orc warrior, 2 orcs and a friendly +0 scimitar.


Message History

You kill the orc!
Vehumet accepts your kill.
The orc warrior hits you with a +0 scimitar!!
* * * LOW HITPOINT WARNING * * *
The water moccasin bites you.
* * * LOW HITPOINT WARNING * * *
The orc hits you but does no damage.
You take 20 damage, and have 22/73 hp.
MASSIVE DAMAGE!!
You now have 15/17 mp.
The water moccasin bites you.
* * * LOW HITPOINT WARNING * * *
The water moccasin closely misses you.
You see here an orc corpse.
You take 6 damage, and have 16/73 hp.
Unknown command.
The water moccasin closely misses you.
Something unseen opens the door.
The orc hits you but does no damage. The water moccasin closely misses you.
The water moccasin bites you.
* * * LOW HITPOINT WARNING * * *
You take 6 damage, and have 11/73 hp.
The water moccasin bites you.
* * * LOW HITPOINT WARNING * * *
You take 2 damage, and have 9/73 hp.
Casting: Freeze (safe; 4% risk of failure)
Confirm with . or Enter, or press ? or * to list all spells.
Aiming: Throw Flame (safe; 5% risk of failure)
Press: ? - help, Shift-Dir - straight line, f - water moccasin
Aim: a water moccasin
Okay, then.
Casting: Throw Flame (safe; 5% risk of failure)
Confirm with . or Enter, or press ? or * to list all spells.
Aiming: Ensorcelled Hibernation (safe; 2% risk of failure)
Press: ? - help, Shift-Dir - straight line, f - water moccasin
Aim: a water moccasin (chance to defeat MR: 69%)
The water moccasin looks drowsy...
You now have 14/17 mp.
The helpless water moccasin fails to defend itself.
You impale the water moccasin!!
The water moccasin is severely wounded.
The water moccasin bites you.
* * * LOW HITPOINT WARNING * * *
The orc barely misses you.
You take 4 damage, and have 6/73 hp.
Unknown command.
The water moccasin bites you.
* * * LOW HITPOINT WARNING * * *
You take 3 damage, and have 3/73 hp.
Casting: Ensorcelled Hibernation (safe; 2% risk of failure)
Confirm with . or Enter, or press ? or * to list all spells.
Aiming: Freeze (safe; 4% risk of failure)
Press: ? - help, Shift-Dir - straight line, f/p - water moccasin
Aim: a water moccasin (severely wounded)
Okay, then.
Casting: Freeze (safe; 4% risk of failure)
Confirm with . or Enter, or press ? or * to list all spells.
Okay, then.
Casting: Freeze (safe; 4% risk of failure)
Confirm with . or Enter, or press ? or * to list all spells.
Aiming: Dazzling Spray (safe; 3% risk of failure)
Press: ? - help, Shift-Dir - straight line, f/p - water moccasin
Aim: a water moccasin (severely wounded)
The spray of energy misses the water moccasin.
The spray of energy hits the orc!
You kill the orc!
Vehumet accepts your kill.
You feel your power returning. The water moccasin closely misses you.
You now have 13/17 mp.
Okay, then.
Casting: Dazzling Spray (safe; 3% risk of failure)
Confirm with . or Enter, or press ? or * to list all spells.
Aiming: Dazzling Spray (safe; 3% risk of failure)
Press: ? - help, Shift-Dir - straight line, f/p - water moccasin
Aim: a water moccasin (severely wounded)
The spray of energy hits the water moccasin!
The water moccasin is almost dead.
The water moccasin closely misses you.
You now have 10/17 mp.
Casting: Dazzling Spray (safe; 3% risk of failure)
Confirm with . or Enter, or press ? or * to list all spells.
Aiming: Dazzling Spray (safe; 3% risk of failure)
Press: ? - help, Shift-Dir - straight line, f/p - water moccasin
Aim: a water moccasin (almost dead)
The spray of energy hits the water moccasin!
You kill the water moccasin!
Vehumet accepts your kill.
Your Conjurations skill increases to level 6!
You now have 7/18 mp.
You open the door. The orc warrior barely misses you.
There is an open door here.
There is an open door here.
Casting: Dazzling Spray (safe; 3% risk of failure)
Confirm with . or Enter, or press ? or * to list all spells.
Okay, then.
Casting: Dazzling Spray (safe; 3% risk of failure)
Confirm with . or Enter, or press ? or * to list all spells.
Aiming: Tukima's Dance (safe; 2% risk of failure)
Press: ? - help, Shift-Dir - straight line, f - orc warrior
Aim: an orc warrior, wielding a +0 scimitar and wearing a +0 plate armour (chance to defeat MR: 83%)
The +0 scimitar dances into the air!
The orc warrior hits you!!
You die...

Skill      XL: |  1  2  3  4  5  6  7  8  9 10 |
---------------+-------------------------------+-----
Stealth        | 4 5 6 |  6.8
Short Blades   | 2 3 4 |  4.2
Hexes          | 4 5 6 7 8 |  8.4
Fighting       | 1 2 4 |  4.6
Conjurations   | 1 2 3 5 6 |  6.0
Spellcasting   | 3 5 |  5.3
Ice Magic      | 4 |  4.2
Fire Magic     | 1 2 |  2.5
Dodging        | |  1.7

Action                   |  1- 3 |  4- 6 |  7- 9 | 10-12 || total
-------------------------+-------+-------+-------+-------++-------
Melee: Dagger            |    99 |   175 |   191 |    35 ||   500
       Short sword       |       |    38 |       |       ||    38
       Unarmed           |       |    10 |    36 |     5 ||    51
       Rapier            |       |       |    75 |       ||    75
       Long sword        |       |       |    10 |       ||    10
 Cast: Ensorcelled Hiber |    26 |    43 |    34 |     7 ||   110
       Corona            |     3 |     1 |       |       ||     4
       Dazzling Spray    |       |     1 |     2 |     3 ||     6
       Confuse           |       |     2 |    11 |     3 ||    16
       Freeze            |       |       |    28 |    12 ||    40
       Throw Flame       |       |       |    16 |     7 ||    23
       Tukima's Dance    |       |       |       |     1 ||     1
 Abil: Dig               |     2 |       |       |       ||     2
       Shaft Self        |     1 |       |       |       ||     1
  Use: Potion            |     1 |     3 |     6 |       ||    10
       Scroll            |       |     8 |     5 |       ||    13
 Stab: Sleeping          |    18 |    25 |    21 |     5 ||    69
       Confused          |       |     2 |    14 |     1 ||    17
  Eat: Chunk             |     7 |    14 |    13 |     1 ||    35
       Ration            |       |       |       |     1 ||     1
Armor: Robe              |    28 |    56 |    17 |       ||   101
       Skin              |       |    10 |    19 |     6 ||    35
       Leather armour    |       |       |    74 |    34 ||   108
Dodge: Dodged            |    73 |   131 |   174 |    53 ||   431
       Rpst.: Long sword |       |       |     6 |       ||     6

Levels and vault maps discovered:
D:1:      minmay_arrival_four_loops, layout_loops_ring
D:2:      layout_loops_ring, grunt_temple_overflow_gold_and_silver,
          fedhas_altar_fruit_tree, uniq_terence
D:3:      layout_loops_ring, minitemple
D:4:      layout_rooms, old_standard_altar, minmay_temple_entry_large_hall,
          first_ration, minmay_joined_circles, uniq_natasha, uniq_blork_the_orc,
          uniq_grinder
D:5:      layout_loops_cross, lemuel_coloured_pillars_altar,
          nicolae_ru_sacrificial_ziggurat
D:6:      layout_basic, minmay_manual_monstrance
D:7:      layout_cave_pools
D:8:      layout_basic, uniq_erica
D:9:      layout_stronghold, kiku_gazebo_garden_becter, elyvilon_altar_4,
          serial_shops, kennysheep_little_box, basic_altar, blue_anna_alchemist
          [blue_anna_fruit_fields, blue_anna_fruit_fields],
          nicolae_gozag_zags_fifth_avenue
Temple:   zaba_magenta_temple

Notes
Turn   | Place    | Note
-------+----------+-------------------------------------------
     0 | D:1      | Monsterracer the Formicid Enchanter began the quest for the
                  | Orb.
     0 | D:1      | Reached XP level 1. HP: 13/13 MP: 3/3
   216 | D:1      | Reached XP level 2. HP: 19/19 MP: 5/5
   236 | D:1      | Learned a level 2 spell: Ensorcelled Hibernation
   240 | D:1      | HP: 6/19 [leopard gecko (4)]
   562 | D:1      | HP: 6/19 [kobold/+0 short sword (5)]
  1072 | D:1      | Reached XP level 3. HP: 20/24 MP: 3/6
  1077 | D:1      | Learned a level 3 spell: Dazzling Spray
  1214 | D:1      | Reached skill level 4 in Hexes
  1548 | D:1      | HP: 11/25 [leopard gecko (3)]
  1558 | D:1      | HP: 7/25 [leopard gecko (4)]
  1568 | D:1      | HP: 4/25 [leopard gecko (4)]
  1571 | D:1      | You fall through a shaft!
  1841 | D:2      | HP: 11/25 [worm (4)]
  2043 | D:2      | Found an opulent altar of Gozag.
  2409 | D:1      | Reached XP level 4. HP: 31/31 MP: 0/7
  2715 | D:2      | HP: 13/31 [worm (5)]
  2790 | D:2      | Reached skill level 1 in Fighting
  3003 | D:2      | Noticed Terence
  3010 | D:2      | Killed Terence
  3096 | D:2      | Reached XP level 5. HP: 37/37 MP: 8/8
  3441 | D:2      | Found a blossoming altar of Fedhas.
  3616 | D:2      | Found a glowing silver altar of Zin.
  4235 | D:3      | Found a basalt altar of Yredelemnul.
  4239 | D:3      | Found a sacrificial altar of Ru.
  4239 | D:3      | Found a sparkling altar of Nemelex Xobeh.
  4246 | D:3      | Found a shadowy altar of Dithmenos.
  4247 | D:3      | Found a deep blue altar of Sif Muna.
  4327 | D:3      | Reached skill level 5 in Hexes
  4660 | D:3      | Reached XP level 6. HP: 41/44 MP: 0/9
  4665 | D:3      | Learned a level 3 spell: Confuse
  4846 | D:4      | Noticed Natasha
  4867 | D:4      | Found a staircase to the Ecumenical Temple.
  5015 | Temple   | Entered the Ecumenical Temple
  5079 | Temple   | Became a worshipper of Vehumet
  5146 | D:4      | Killed Natasha
  5162 | D:4      | Gained mutation: Your spells are a little harder to cast,
                  | but a little more powerful. [potion of mutation]
  5162 | D:4      | Gained mutation: You are partially covered in iridescent
                  | scales. (AC +2) [potion of mutation]
  5170 | D:3      | HP: 22/44 [orc wizard/+0 dagger (3)]
  5184 | D:3      | HP: 26/66 [orc wizard/puff of flame (2)]
  5187 | D:3      | Reached skill level 5 in Stealth
  5417 | D:4      | Noticed Natasha
  5433 | D:4      | Killed Natasha
  5440 | D:4      | Reached skill level 1 in Conjurations
  5587 | D:4      | Reached XP level 7. HP: 49/49 MP: 8/11
  5598 | D:4      | Noticed Grinder
  5719 | D:4      | Noticed Natasha
  5727 | D:4      | Killed Natasha
  5766 | D:4      | Killed Grinder
  5766 | D:4      | Reached skill level 6 in Hexes
  5863 | D:5      | Entered Level 5 of the Dungeon
  6131 | D:5      | Found a sacrificial altar of Ru.
  6214 | D:5      | Got a polished leather armour
  6240 | D:5      | Identified the +1 leather armour "Farphol" {+Fly rF+ Int+4
                  | Dex-4} (You found it on level 5 of the Dungeon)
  6618 | D:5      | Found an ornate altar of the Wu Jian Council.
  6675 | D:5      | Reached XP level 8. HP: 56/56 MP: 10/13
  6895 | D:6      | HP: 27/56 [sky beast (6)]
  7170 | D:6      | Reached * piety under Vehumet
  7170 | D:6      | Offered knowledge of Freeze by Vehumet.
  7170 | D:6      | Reached skill level 7 in Hexes
  7192 | D:6      | Learned a level 1 spell: Freeze
  7223 | D:6      | Reached skill level 1 in Ice Magic
  7674 | D:6      | Reached XP level 9. HP: 60/61 MP: 11/14
  7724 | D:6      | Learned a level 3 spell: Tukima's Dance
  7865 | D:6      | Noticed a troll
  7889 | D:6      | HP: 30/62 [troll (8)]
  7892 | D:6      | Killed a troll
  8554 | D:8      | Reached ** piety under Vehumet
  8803 | D:8      | Offered knowledge of Throw Flame by Vehumet.
  8810 | D:8      | Learned a level 2 spell: Throw Flame
  9034 | D:8      | HP: 32/64 [shadow imp/nerve-wracking pain (11)]
  9371 | D:8      | Reached skill level 1 in Fire Magic
  9408 | D:8      | Noticed Erica
  9431 | D:8      | HP: 48/97 [something (4)]
  9455 | D:8      | HP: 47/97 [something/bolt of poison (2)]
  9457 | D:8      | HP: 14/97 [something/orb of energy (16)]
  9461 | D:8      | HP: 2/97 [something/orb of energy (19)]
  9470 | D:8      | Killed Erica
  9470 | D:8      | Reached skill level 5 in Spellcasting
  9470 | D:8      | Reached skill level 5 in Conjurations
  9470 | D:8      | Reached skill level 8 in Hexes
  9470 | D:8      | Reached XP level 10. HP: 29/72 MP: 17/17
  9471 | D:8      | cool play
  9471 | D:8      | rolling erica
  9471 | D:8      | completely luck
  9476 | D:8      | HP: 21/72 [howler monkey (6)]
  9484 | D:8      | HP: 9/72 [howler monkey (4)]
  9513 | D:8      | HP: 14/72 [quasit (1)]
 10219 | D:9      | Found a radiant altar of Vehumet.
 10387 | D:9      | Found Zoinu's Armour Boutique.
 10392 | D:9      | Bought a +1 pair of gloves for 138 gold pieces
 10401 | D:9      | HP: 23/73 [orc warrior/+0 scimitar (19)]
 10405 | D:9      | HP: 11/73 [water moccasin (6)]
 10410 | D:9      | HP: 6/73 [water moccasin (4)]
 10446 | D:9      | Mangled by an orc warrior

Vanquished Creatures
  Erica (D:8)
  A troll (D:6)
  Grinder (D:4)
  A water moccasin (D:9)
  A sky beast (D:6)
  A phantom (D:6)
  An ice beast (D:8)
  2 ogres (D:6 D:8)
  3 centaurs (D:6 D:8 D:9)
  4 bullfrogs (D:6 D:9)
  A scorpion (D:9)
  5 wights (D:8)
  3 howler monkeys (D:8)
  3 crimson imps (D:5 D:7)
  A centaur zombie (D:6)
  A quasit (D:8)
  3 orc priests (D:4 D:5 D:7)
  2 jellies (D:7 D:8)
  3 hounds (D:4 D:6)
  An iguana (D:9)
  2 centaur skeletons (D:4 D:6)
  Terence (D:2)
  3 worker ants (D:5 D:7 D:8)
  Natasha (thrice) (D:4)
  4 orc wizards (D:3 D:5 D:7)
  A worker ant zombie (D:5)
  A gnoll (D:6)
  10 adders (D:2 D:3 D:4 D:6)
  A shadow imp (D:8)
  3 oozes (D:2 D:3)
  3 worms (D:2)
  3 dart slugs (D:1 D:2)
  5 leopard geckos (D:1 D:4 D:7)
  20 orcs (D:4 D:3 D:5 D:7 D:6)
  5 bats (D:1 D:2 D:3)
  7 giant cockroaches (D:1 D:2 D:3 D:7 D:8)
  5 goblins (D:1 D:2)
  7 hobgoblins (D:1 D:2 D:3)
  27 jackals (D:1 D:2 D:3 D:5 D:6)
  6 kobolds (D:1 D:2 D:3)
  2 quokkas (D:5 D:8)
  5 frilled lizards (D:1 D:2)
  A leopard gecko skeleton (D:4)
  A quokka skeleton (D:4)
  11 rats (D:1 D:2 D:3)
176 creatures vanquished.

Table legend:
 A = Turns spent in this place as a percentage of turns spent in the entire game.
 B = Non-inter-level travel turns spent in this place as a percentage of non-inter-level travel turns spent in the entire game.
 C = Inter-level travel turns spent in this place as a percentage of turns spent in this place.
 D = Turns resting spent in this place as a percentage of non-inter-level travel turns spent in this place.
 E = Turns spent auto-exploring this place as a percentage of non-inter-level travel turns spent in this place.
 F = Non-inter-level travel turns spent in this place divided by the number of levels of this place that you've seen.
                   A       B       C       D       E      F
               +-------+-------+-------+-------+-------+----------------------
         Total | 100.0 | 100.0 |   1.2 |  28.1 |  44.9 | 1031.6
       Dungeon |  99.2 |  99.3 |   1.1 |  28.2 |  44.6 | 1138.7
        Temple |   0.8 |   0.7 |  15.0 |   0.0 |  83.8 |  68.0
               +-------+-------+-------+-------+-------+----------------------

Table legend:
 A = Non-vault XP
 B = Vault XP
 C = Vault XP percentage of total XP
 D = Non-vault monster count
 E = Vault monster count
 F = Vault count percentage of total count
                 A         B        C        D         E       F
            +---------+---------+-------+---------+---------+-------
      Total |    3449 |    1490 |  30.2 |     168 |       8 |   4.5
            +---------+---------+-------+---------+---------+-------
        D:1 |      64 |       0 |   0.0 |      34 |       0 |   0.0
        D:2 |      99 |      36 |  26.7 |      26 |       1 |   3.7
        D:3 |     144 |       0 |   0.0 |      27 |       0 |   0.0
        D:4 |     225 |     302 |  57.3 |      14 |       2 |  12.5
        D:5 |     198 |       0 |   0.0 |      11 |       0 |   0.0
        D:6 |    1043 |     250 |  19.3 |      17 |       4 |  19.0
        D:7 |     281 |       0 |   0.0 |      15 |       0 |   0.0
        D:8 |     927 |     902 |  49.3 |      17 |       1 |   5.6
        D:9 |     468 |       0 |   0.0 |       7 |       0 |   0.0
            +---------+---------+-------+---------+---------+-------
